 Dungeon Crawl Stone Soup version 0.31-a0-728-g01b46875f1 (webtiles) character file.

Game seed: 6978128350205429083

483 randomguy2701 the Chopper (level 7, -2/60 HPs)
             Began as a Hill Orc Fighter on Sept 12, 2023.
             Was an Initiate of Beogh.
             Slain by a wight
             ... wielding a +0 halberd
              (8 damage)
             ... on level 4 of the Dungeon.
             The game lasted 00:04:09 (3528 turns).

randomguy2701 the Chopper (Hill Orc Fighter)        Turns: 3528, Time: 00:04:09

Health: -2/60      AC:  7    Str: 19    XL:     7   Next: 12%
Magic:  7/7        EV:  6    Int:  8    God:    Beogh [......]
Gold:   119        SH:  5    Dex: 12    Spells: 6/6 levels left

rFire   . . .        a - +0 war axe
rCold   . . .        c - +0 buckler
rNeg    . . .        b - +0 scale mail
rPois   .            (no helmet)
rElec   .            (no cloak)
rCorr   +            (no gloves)
SInv    .            (no boots)
Will    .....        (no amulet) Stlth
                     f - +4 ring of slaying
HPRegen 0.30/turn    p - ring of resist corrosion
MPRegen 0.10/turn

%: no passive effects
@: about to teleport, constricted
A: no striking features
a: Renounce Religion


You were on level 4 of the Dungeon.
You worshipped Beogh.
Beogh was noncommittal.
You visited 1 branch of the dungeon, and saw 4 of its levels.

You collected 119 gold pieces.

Inventory:

Hand Weapons
 a - a +0 war axe (weapon)
Armour
 b - a +0 scale mail (worn)
 c - a +0 buckler (worn)
Jewellery
 f - a +4 ring of slaying (left hand)
 p - a ring of resist corrosion (right hand)
Scrolls
 e - a scroll of immolation {unknown}
 g - a scroll of revelation {unknown}
 l - a scroll of fear {unknown}
 n - a scroll of teleportation
 q - a scroll of torment {unknown}
 r - 2 scrolls of identify {unknown}
 s - 2 scrolls of enchant weapon {unknown}
 t - a scroll of amnesia {unknown}
Potions
 d - 2 potions of might
 h - a potion of mutation {unknown}
 i - a potion of resistance {unknown}
 j - 3 potions of curing {unknown}
 k - a potion of lignification {unknown}
 m - a potion of haste {unknown}
 o - a potion of invisibility {unknown}


   Skills:
 + Level 4.9 Fighting
 + Level 6.8 Axes
 + Level 5.1 Armour
 + Level 1.0 Dodging
 + Level 4.1 Shields


You had 6 spell levels left.
You didn't know any spells.
Your spell library contained the following spells:

 Spells                   Type           Power      Damage    Failure   Level
 Apportation              Tloc           0%         N/A       83%         1
 Magic Dart               Conj           0%         1d3       83%         1
 Necrotise                Necr           0%         1d4       83%         1
 Summon Small Mammal      Summ           0%         N/A       83%         1
 Call Imp                 Summ           0%         N/A       93%         2
 Sublimation of Blood     Necr           0%         N/A       93%         2
 Wereblood                Tmut           0%         N/A       93%         2
 Mephitic Cloud           Conj/Pois/Air  0%         N/A       99%         3
 Summon Hydra             Summ           0%         N/A       100%        7


Dungeon Overview and Level Annotations

Branches:
Dungeon (4/15)
 Temple: D:4-7

Altars:

Shops:
D:2 (

Portals:
Abyss: D:3

Annotations:
D:2 1 runed translucent door, Crazy Yiuf
D:3 2 transporters, randomguy2701's ghost, amateur HOFi
D:4 Eustachio


Message History

* * * LOW HITPOINT WARNING * * *
You block the bat's attack. The ball python barely misses you.
The ball python grabs you. The ball python constricts you.
You block the iguana's attack. You block the ufetubus's attack.
The ufetubus closely misses you.
Eustachio casts a spell.
The crimson imp blinks!
Things that are here:
6 gold pieces; a hobgoblin corpse The ball python's grasp on you weakens, but your attempt to escape fails.
The ball python barely misses you. The ball python constricts you.
You block the ufetubus's attack. x2
The iguana bites you but does no damage.
You block the wight's attack. The bat hits you but does no damage.
You block the ball python's attack. The ball python constricts you.
* * * LOW HITPOINT WARNING * * *
You closely miss the bat. You barely miss the ball python.
You miss the ufetubus. You hit the iguana.
The crimson imp disappears in a puff of smoke!
The bat hits you but does no damage.
The ufetubus hits you but does no damage. x2
The bat hits you but does no damage. You block the iguana's attack.
You block the ufetubus's attack. The ufetubus hits you.
* * * LOW HITPOINT WARNING * * *
The wight closely misses you.
The ball python bites you but does no damage.
The ball python constricts you.
Eustachio mumbles some strange words.
Eustachio blinks!
As you read the scroll labelled KAUK JEONA, it crumbles to dust.
You feel strangely unstable.
It was a scroll of teleportation.
You block the bat's attack.
The ufetubus hits you but does no damage.
The ufetubus hits you.
* * * LOW HITPOINT WARNING * * *
The wight barely misses you. The ball python barely misses you.
The ball python constricts you.
The iguana bites you but does no damage.
The wight hits you from afar with a +0 halberd!
You die...

....##### #.### #.####...
#.......###...###.##...# ~
#...........#.##..##..###~~~
#..†.....#........##..)..~~.
#..<............[.#).†..~~..
#..†....##.........)#..~....
####.#######....z.)##..~..~~
#.. . #...bS5§....?~~.. ####
.....#.l@###.......⌠
#.......bz# ......~~
#........z........~..
#...........#?....~..
######........ ...
#...<..... #.....##....
#.....# ..## ####..# .#


You could see an iguana, 3 wights, an ufetubus (summoned), 2 bats and a ball
python.

Vanquished Creatures
  A scorpion (D:4)
  A gnoll bouda (D:3)
  2 hounds (D:3)
  An iguana (D:4)
  Jessica (D:2)
  11 gnolls (D:3)
  2 adders
  An ufetubus (D:4)
  3 worms
  4 dart slugs
  26 orcs
  2 ball pythons (D:2)
  4 endoplasms
  11 hobgoblins
  22 jackals
  A quokka (D:1)
  4 bats
  5 frilled lizards
  7 goblins
  7 kobolds
  2 rats (D:2)
118 creatures vanquished.

Notes
Turn   | Place    | Note
-------+----------+-------------------------------------------
     0 | D:1      | randomguy2701 the Hill Orc Fighter began the quest for the
                  | Orb.
     0 | D:1      | Reached XP level 1. HP: 19/19 MP: 1/1
   182 | D:1      | Found a faded altar of an unknown god.
   263 | D:1      | Reached XP level 2. HP: 27/27 MP: 2/2
   822 | D:2      | Reached skill level 3 in Axes
   833 | D:2      | Reached XP level 3. HP: 30/33 MP: 3/3
  1004 | D:2      | Noticed Jessica
  1014 | D:2      | Killed Jessica
  1015 | D:2      | Reached XP level 4. HP: 10/40 MP: 4/4
  1159 | D:2      | Found a runed translucent door.
  1160 | D:2      | Noticed Crazy Yiuf
  1181 | D:2      | Found Kyorph's Antique Weapon Shoppe.
  1294 | D:2      | Reached skill level 4 in Axes
  1849 | D:3      | Found a transporter.
  1862 | D:3      | Found a one-way gate to the infinite horrors of the Abyss.
  1862 | D:3      | Noticed randomguy2701's ghost (amateur HOFi)
  1862 | D:3      | Noticed a small abomination
  1871 | D:3      | Reached XP level 5. HP: 29/47 MP: 5/5
  2133 | D:3      | Found a transporter.
  2494 | D:3      | Reached skill level 5 in Axes
  2875 | D:3      | Reached XP level 6. HP: 46/53 MP: 6/6
  3062 | D:3      | Reached skill level 6 in Axes
  3324 | D:3      | Became a worshipper of Beogh the Brigand
  3346 | D:3      | Reached skill level 5 in Armour
  3460 | D:4      | Reached XP level 7. HP: 56/60 MP: 7/7
  3504 | D:4      | Reached skill level 1 in Dodging
  3509 | D:4      | Noticed Eustachio
  3528 | D:4      | Slain by a wight

Illustrated notes

Levels and vault maps discovered:
D:1:      shiori_shiawase, layout_basic, hellmonk_ecumenical_altar_arch_garden
D:2:      layout_loops_cross, serial_shops, shop, uniq_crazy_yiuf_cottage,
          uniq_jessica
D:3:      lemuel_castle_with_subvaults [lemuel_castle_interior_carwin_1],
          layout_loops_ring, gammafunk_ghost_abyssal_escape
D:4:      cheibrodos_helix_gallery, layout_rooms,
          mainiacjoe_overflow_cross_hatched, mainiacjoe_overflow_big_doors,
          mainiacjoe_overflow_alcove_1, portal_sewer_entry_e,
          minmay_misc_feat_tower, uniq_robin, uniq_eustachio

Skill      XL: |  1  2  3  4  5  6  7 |
---------------+----------------------+-----
Fighting       | 4 |  4.9
Axes           | 3 4 5 6 |  6.8
Armour         | 4 5 |  5.1
Shields        | 4 |  4.1
Dodging        | 1 |  1.0

Action                     |  1- 3 |  4- 6 |  7- 9 || total
---------------------------+-------+-------+-------++-------
  Melee: War axe           |    85 |   202 |    19 ||   306
 Invoke: Convert to Beogh  |       |     1 |       ||     1
    Use: Scroll            |       |       |     1 ||     1
 Armour: Scale mail        |    58 |   145 |    37 ||   240
  Dodge: Dodged            |    42 |    92 |    18 ||   152
  Block: Buckler           |    31 |    52 |    16 ||    99

Table legend: (Time is in decaauts)
 A = Elapsed time spent in this place.
 B = Non-inter-level travel time spent in this place.
 C = Inter-level travel time spent in this place.
 D = Time resting spent in this place.
 E = Time spent auto-exploring this place.
 F = Levels seen in this place.
 G = Mean time per level.
                   A        B        C        D        E       F      G
               +--------+--------+--------+--------+--------+-----+--------+
         Total |   3631 |   3486 |    145 |     52 |   2702 |   4 |  907.8 |
       Dungeon |   3631 |   3486 |    145 |     52 |   2702 |   4 |  907.8 |
               +--------+--------+--------+--------+--------+-----+--------+

Top non-repeatable levels by time:
     D:3: 1440 daAuts
     D:2: 1308 daAuts
     D:1: 802 daAuts
     D:4: 80 daAuts
